 Dungeon Crawl Stone Soup version 0.30.1-9-gdf580d7c3d (webtiles) character file.

Game seed: 2545561836700082002

163870 adizb the Peltast (level 17, -4/113 HPs)
             Began as a Tengu Fighter on Sept 25, 2023.
             Was a Priest of Ashenzari.
             Slain by a nagaraja
             ... wielding a +0 spear
              (26 damage)
             ... on level 4 of the Snake Pit.
             The game lasted 02:34:32 (23498 turns).

adizb the Peltast (Tengu Fighter)                  Turns: 23498, Time: 02:34:33

Health: -4/113     AC: 23    Str: 28    XL:     17   Next: 84%
Magic:  27/27      EV: 12    Int: 12    God:    Ashenzari [***...]
Gold:   1299       SH: 28    Dex: 17    Spells: 16/16 levels left

rFire   + . .        l - +3 war axe (heavy)
rCold   + + .        Y - +1 tower shield {rC+}
rNeg    + . .        x - +3 swamp dragon scales of Supernal Understanding {rPois, Melee, Comp} (curse)
rPois   +            (helmet restricted)
rElec   +            m - +0 cloak of Ashenzari's Regret {Cun, Evo} (curse)
rCorr   +            V - +0 pair of gloves
SInv    +            (boots unavailable)
Will    +....        q - amulet of the Ensconced Sky {Reflect rF++ MP+9 SH+5, Fort, Elem} (curse)
Stlth   +            H - ring "Portent of Ashenzari" {rElec rF- rC+ rN+ rCorr, Self, Bglg} (curse)
HPRegen 0.00/turn    f - ring of Ashenzari's Negligence {Str+6, Fort, Bglg} (curse)
MPRegen 0.20/turn

%: reflection, clarity
@: weakened, flying quickly and evasively, inhibited regen, invisible, quick
A: beak, talons 3, nimble flight, iridescent scales 2, agile 1, clever 1, shaggy
fur 1, inhibited regeneration
a: Renounce Religion, Shatter the Chains


You were on level 4 of the Snake Pit.
You worshipped Ashenzari.
Ashenzari was most pleased with you.
You visited 4 branches of the dungeon, and saw 26 of its levels.
You also visited: Ossuary, Gauntlet, Ice Cave and Volcano.

You collected 2889 gold pieces.
You spent 1590 gold pieces at shops.

Inventory:

Hand Weapons
 a - a +2 spectral war axe
 l - a +3 heavy war axe (weapon)
 J - a +1 demon whip of venom
 Q - a +1 executioner's axe of flaming
 Z - a +0 broad axe
Missiles
 p - 3 throwing nets
 s - 14 boomerangs (quivered)
 K - 5 javelins
Armour
 m - the cursed +0 cloak of Ashenzari's Regret (worn) {Cun, Evo}
   (You took it off Crazy Yiuf on level 3 of the Dungeon)

   It has a curse which improves the following skills: Cunning: Dodging and
   Stealth.
   Evocations: Evocations.
 x - the cursed +3 swamp dragon scales of Supernal Understanding (worn) {rPois, Melee, Comp}
   (You took it off Maggie on level 6 of the Dungeon)

   rPois:     It protects you from poison.
   It has a curse which improves the following skills: Melee Combat: Short
   Blades, Long Blades, Axes, Maces & Flails, Polearms, Staves and Unarmed
   Combat.
   Companions: Summonings and Necromancy.
 y - a +3 tower shield
 S - a scarf of repulsion
 V - a +0 pair of gloves (worn)
 Y - a +1 tower shield of cold resistance (worn)
Jewellery
 f - the cursed ring of Ashenzari's Negligence (right hand) {Str+6, Fort, Bglg}
   (You found it on level 4 of the Dungeon)

   [ring of strength]

   Str:       It affects your strength (+6).
   It has a curse which improves the following skills: Fortitude: Armour and
   Shields.
   Beguiling: Conjurations, Hexes and Translocations.
 j - a +5 ring of evasion
 q - the cursed amulet of the Ensconced Sky (around neck) {Reflect rF++ MP+9 SH+5, Fort, Elem}
   (You acquired it on level 8 of the Dungeon)

   [amulet of reflection]

   It reflects blocked missile attacks.
   rF:        It greatly protects you from fire.
   MP:        It affects your magic capacity (+9).
   SH:        It affects your SH (+5).
   It has a curse which improves the following skills: Fortitude: Armour and
   Shields.
   Elements:  Fire Magic, Ice Magic, Air Magic and Earth Magic.
 H - the cursed ring "Portent of Ashenzari" (left hand) {rElec rF- rC+ rN+ rCorr, Self, Bglg}
   (You bought it in a shop on level 1 of the Orcish Mines)

   [ring of positive energy]

   rF:        It makes you vulnerable to fire.
   rC:        It protects you from cold.
   rElec:     It insulates you from electricity.
   rN:        It protects you from negative energy.
   rCorr:     It protects you from acid and corrosion.
   It has a curse which improves the following skills: Introspection: Fighting
   and Spellcasting.
   Beguiling: Conjurations, Hexes and Translocations.
 L - a ring of wizardry
 O - a +4 ring of slaying
Wands
 k - a wand of mindburst (8)
 o - a wand of flame (30)
 G - a wand of polymorph (7)
 I - a wand of charming (21)
 M - a wand of roots (14)
 T - a wand of quicksilver (7)
 U - a wand of digging (4)
Scrolls
 g - 4 scrolls of fog
 r - 8 scrolls of teleportation
 t - 2 scrolls of poison
 w - 4 scrolls of fear
 z - a scroll of torment
 A - 4 scrolls of blinking
 D - 7 scrolls of amnesia
 F - 4 scrolls of magic mapping
Potions
 b - 4 potions of lignification
 c - 2 potions of resistance
 d - 2 potions of might
 e - a potion of invisibility
 h - 3 potions of haste
 i - 5 potions of attraction
 v - 2 potions of ambrosia
 B - a potion of brilliance
 C - 14 potions of curing
 E - a potion of berserk rage
 N - 5 potions of cancellation
 R - 3 potions of magic
Miscellaneous
 P - a box of beasts (inert)
 W - a phantom mirror (inert)


   Skills:
 + Level 13.6(15.0) Fighting
 + Level 17.5(18.9) Axes
 + Level 13.7 Throwing
 * Level 14.5(16.6) Armour
 * Level 17.9(19.9) Shields
 - Level 1.0(1.9) Evocations


You had 16 spell levels left.
You didn't know any spells.
Your spell library contained the following spells:

 Spells                   Type           Power      Damage    Failure   Level
 Freeze                   Ice            0%         1d3       52%         1
 Magic Dart               Conj           0%         1d3       52%         1
 Searing Ray              Conj           0%         2d4       65%         2
 Cigotuvi's Dreadful Rot  Necr/Pois/Air  0%         N/A       67%         2
 Scorch                   Fire           0%         2d5       67%         2
 Hailstorm                Conj/Ice       0%         3d3       87%         3
 Summon Guardian Golem    Hex/Summ       0%         N/A       87%         3
 Frozen Ramparts          Ice            0%         1d1       88%         3
 Ignite Poison            Fire/Tmut/Pois 0%         N/A       88%         3
 Animate Dead             Necr           0%         N/A       99%         4
 Dispel Undead            Necr           0%         3d6       99%         4
 Flame Wave               Conj/Fire      0%         2d4       99%         4
 Fulminant Prism          Conj/Hex       0%         3d5       99%         4
 Summon Ice Beast         Ice/Summ       0%         N/A       99%         4
 Borgnjor's Vile Clutch   Necr/Erth      0%         N/A       100%        5
 Fireball                 Conj/Fire      0%         3d3       100%        5
 Freezing Cloud           Conj/Ice/Air   0%         6-21      100%        5
 Iskenderun's Battlesphe  Conj           0%         2d6       100%        5
 Summon Forest            Summ/Tloc      0%         N/A       100%        5
 Summon Mana Viper        Hex/Summ       0%         N/A       100%        5
 Conjure Ball Lightning   Conj/Air       0%         3x3d6     100%        6
 Death Channel            Necr           0%         N/A       100%        6
 Simulacrum               Ice/Necr       0%         N/A       100%        6
 Summon Cactus Giant      Summ           0%         N/A       100%        6
 Monstrous Menagerie      Summ           0%         N/A       100%        7
 Orb of Destruction       Conj           0%         9d5       100%        7
 Ozocubu's Refrigeration  Ice            0%         4d7       100%        7
 Spellforged Servitor     Conj/Summ      0%         N/A       100%        7
 Chain Lightning          Conj/Air       0%         N/A       100%        9
 Fire Storm               Conj/Fire      0%         5d1       100%        9
 Polar Vortex             Ice            0%         N/A       100%        9
 Shatter                  Erth           0%         3d5*      100%        9


Dungeon Overview and Level Annotations

Branches:
Dungeon (15/15)            Temple (0/1) D:7            Lair (5/5) D:11
 Shoals (0/4) Lair:3        Snake (4/4) Lair:2        Slime (0/5) Lair:5
    Orc (2/2) D:10            Elf (0/3) Orc:2        Vaults (0/5) D:14
 Depths (0/4) D:15        Ossuary (visited)           IceCv (visited)
Volcano (visited)         Gauntlet (visited)

Altars:
Ashenzari
Gozag
Hepliaklqana
Makhleb
Nemelex Xobeh
Okawaru
Qazlal
Sif Muna
Trog
Xom
Yredelemnul
Zin

Shops:
D:5 !   Orc:1 =   Orc:2 ?=(?*   Snake:1 *(   Snake:4 :==

Portals:
Pandemonium: Orc:2

Annotations:
D:5 1 runed translucent door, Wiggles's ghost, amateur MiBe
D:11 2 runed translucent doors, bairyn's ghost, journeyman DESu
D:15 Roxanne
Orc:1 3 runed translucent doors, Ychaviel's ghost, journeyman MiFi


Innate Abilities, Weirdness & Mutations

You have a beak for a mouth.
You have claws for feet.
Your magical nature lets you fly swiftly and evasively.
You are mostly covered in iridescent scales. (AC +4)
You are agile. (Dex +4, Str/Int -1)
Your mind is acute. (Int +4, Str/Dex -1)
You are covered in fur. (AC +1)
You do not regenerate when monsters are visible.


Message History

You feel sick. The salamander tyrant hits you.
You are engulfed in flames!
You resist.
* * * LOW HITPOINT WARNING * * *
Okay, then.
You feel much better.
You feel sick.
You are no longer poisoned.
You block the nagaraja's attack.
The salamander tyrant barely misses you.
The naga warrior hits something with a +3 dire flail!
The naga warrior grabs something.
The naga warrior constricts something.
You fade into invisibility!
You block the nagaraja's attack.
The naga warrior roars a battlecry!
The nagas go into a battle-frenzy!
The naga warrior constricts something.
The salamander tyrant hits you.
You are engulfed in flames!
You resist.
* * * LOW HITPOINT WARNING * * *
You block the nagaraja's attack.
You slice the salamander tyrant!! Your kick misses the salamander tyrant.
Your peck misses the salamander tyrant.
The salamander tyrant is almost dead.
You block the nagaraja's attack. The salamander tyrant hits you.
* * * LOW HITPOINT WARNING * * *
You are engulfed in flames!
You resist.
* * * LOW HITPOINT WARNING * * *
You block the nagaraja's attack.
Okay, then.
Okay, then.
You feel better. You block the nagaraja's attack.
You block the salamander tyrant's attack.
Okay, then.
You strike the helpless salamander tyrant from behind!
You slice the salamander tyrant!!
You kill the salamander tyrant!
As you read the scroll of fog, it crumbles to dust.
The scroll dissolves into smoke.
You are no longer firmly anchored in space.
You block the nagaraja's attack.
The nagaraja hits you from afar with a +0 spear!!
You die...

* ,, #[......(.....#* , ,* ,,
,#..).#.....#..# , * ,
{,,#.............#, * *,
#.......H.....# *
#....N........#**
#############..{##...###########
#........###...#N§....))..#.....
#.......# #.?.##§§.#.).)))#.....
#.......###..##@§§.##..#)†#.....
#.......##...#§§§§.##.##.))#....
#.......##..##§§§§##..##.)).....
#.......##..###..?...###....)...
##.......#..## ##.....##.......##
#........#..# #....##..........
#...........# #....##[.........
#...........#####....###.........
#.....................###........


You could see a nagaraja (fast, strong).

Vanquished Creatures
  Jorgrun (D:12)
  A lich (IceCv)
  2 nagarajas (Snake:4)
  An emperor scorpion (D:15)
  A minotaur (Gauntlet)
  A dire elephant (D:15)
  An ettin (D:14)
  Josephine (D:11)
  5 salamander tyrants
  A vault guard (D:14)
  4 hydras
  3 caustic shrike simulacra (IceCv)
  5 boulder beetles
  2 ogre magi (D:15)
  8 centaur warriors
  2 demonspawn (Orc:2)
  A death knight (D:15)
  8 anacondas
  5 two-headed ogres
  3 death yaks (Lair:5)
  A tengu warrior (D:14)
  8 naga warriors
  3 orc high priests (Orc:2)
  7 naga sharpshooters
  2 skysharks (Lair:5)
  3 shock serpents
  Amaemon (D:11)
  An iron troll (D:14)
  The ghost of Babbit the Cleaver, a novice MiFi of Okawaru (D:8)
  A skyshark (shapeshifter) (D:13)
  3 salamander mystics (Snake:4)
  A fire crab (shapeshifter) (D:14)
  5 naga ritualists
  4 bog bodies (IceCv)
  An obsidian statue (IceCv)
  A deep elf archer (Volcano)
  A spriggan simulacrum (IceCv)
  2 necromancers
  4 orc knights (Orc:2)
  6 manticores
  2 oklob plants (Lair:5)
  6 deep elf pyromancers (Volcano)
  5 mana vipers
  10 salamanders
  9 orc sorcerers (Orc:2)
  2 cyclopes
  18 ugly things
  Maurice (D:11)
  10 naga magi
  A smoke demon (Gauntlet)
  28 black mambas
  9 elephants
  An orange demon (D:11)
  2 gargoyles
  A rime drake (Lair:3)
  A cane toad (shapeshifter) (D:13)
  17 cane toads
  An efreet (D:14)
  Maggie (D:6)
  7 komodo dragons
  2 unseen horrors
  An anaconda simulacrum (IceCv)
  16 freezing wraiths (IceCv)
  3 polar bears
  A hellwing (Orc:2)
  6 trolls
  2 hornets
  3 meliai (D:15)
  A snapping turtle (Lair:3)
  A tarantella (shapeshifter) (D:15)
  Grinder (D:3)
  20 blink frogs
  3 tyrant leeches (Lair:5)
  6 slime creatures
  A hog (shapeshifter) (D:14)
  8 wraiths
  A shadow (D:9)
  6 fire elementals (Volcano)
  4 dire elephant simulacra (IceCv)
  5 basilisks
  62 yaks
  A chaos spawn (Orc:2)
  2 steam dragons (D:8)
  A minotaur simulacrum (IceCv)
  4 harpy simulacra (IceCv)
  13 vampire mosquitoes
  20 nagas
  3 acid dragons
  4 wargs
  11 water moccasins
  Duvessa (D:4)
  A hydra simulacrum (IceCv)
  A meliai simulacrum (D:15)
  6 hell hounds (Volcano)
  An ice beast (D:8)
  2 ettin simulacra (IceCv)
  23 orc warriors
  3 alligator simulacra (IceCv)
  A black bear (D:6)
  10 ogres
  2 sky beasts (D:6)
  18 centaurs
  12 wolves
  A phantom (D:5)
  Blork the orc (D:6)
  2 elf zombies (D:8)
  2 kobold brigands (D:9)
  4 deep troll simulacra (IceCv)
  17 bullfrogs
  2 gnoll sergeants
  2 scorpions
  Dowan (D:4)
  A wight (D:4)
  16 killer bees
  3 lindwurm simulacra (IceCv)
  3 howler monkeys
  An electric eel (Lair:5)
  4 crimson imps (Gauntlet)
  A lava snake (D:10)
  A hound (D:5)
  A human zombie (D:8)
  Crazy Yiuf (D:3)
  28 orc priests
  2 gnoll boudas
  A human skeleton (D:8)
  17 orc wizards
  2 sleepcaps
  3 iguanas
  3 mummies (Ossuary)
  Robin (D:2)
  24 gnolls
  7 adders
  2 dart slugs
  81 orcs
  6 ball pythons
  9 endoplasms
  2 giant cockroaches (D:1)
  A gnoll zombie (Ossuary)
  11 goblins
  10 hobgoblins
  9 jackals
  17 kobolds
  6 quokkas
  4 bats
  3 frilled lizards
  6 goblin zombies (Ossuary)
  3 kobold zombies (Ossuary)
  An orc skeleton (D:8)
  An orc zombie (D:8)
  4 rats
865 creatures vanquished.

Vanquished Creatures (collateral kills)
  A freezing wraith (IceCv)
1 creature vanquished.

Vanquished Creatures (others)
  A deep elf pyromancer (Volcano)
  A black mamba (Snake:2)
2 creatures vanquished.

Grand Total: 868 creatures vanquished

Notes
Turn   | Place    | Note
-------+----------+-------------------------------------------
     0 | D:1      | adizb the Tengu Fighter began the quest for the Orb.
     0 | D:1      | Reached XP level 1. HP: 14/14 MP: 2/2
    30 | D:1      | Reached XP level 2. HP: 16/19 MP: 3/3
    77 | D:1      | Reached XP level 3. HP: 18/23 MP: 4/4
   706 | D:2      | Reached XP level 4. HP: 28/28 MP: 5/5
  1035 | D:2      | Found a faded altar of an unknown god.
  1154 | D:2      | Noticed Robin
  1160 | D:2      | Killed Robin
  1423 | D:3      | Gained mutation: Your magical nature lets you fly swiftly
                  | and evasively. [Tengu growth]
  1423 | D:3      | Reached XP level 5. HP: 30/33 MP: 6/6
  1750 | D:3      | Noticed Grinder
  1847 | D:3      | Found a large runed translucent door.
  1848 | D:3      | Found a large runed translucent door.
  1868 | D:3      | Found a sparkling altar of Nemelex Xobeh.
  1876 | D:3      | Found a broken altar of Ashenzari.
  1881 | D:3      | Became a worshipper of Ashenzari the Shackled
  2041 | D:3      | Reached XP level 6. HP: 30/38 MP: 7/7
  2047 | D:3      | Found a runed translucent door.
  2048 | D:3      | Noticed Crazy Yiuf
  2077 | D:3      | Killed Crazy Yiuf
  2078 | D:3      | Reached skill level 5 in Axes
  2614 | D:4      | Found a stormy altar of Qazlal.
  2671 | D:4      | Noticed Dowan
  2673 | D:4      | Noticed Duvessa
  2696 | D:4      | Killed Duvessa
  2814 | D:4      | Killed Dowan
  2815 | D:4      | Reached skill level 5 in Armour
  2815 | D:4      | Reached XP level 7. HP: 17/44 MP: 5/8
  3038 | D:4      | You are sucked into a shaft and drop 1 floor!
  3038 | D:5      | Entered Level 5 of the Dungeon
  3345 | D:3      | Killed Grinder
  3346 | D:3      | Reached skill level 1 in Throwing
  3390 | D:5      | Reached skill level 5 in Fighting
  3418 | D:5      | Found Nufum's Distillery.
  3421 | D:5      | Bought a potion of heal wounds for 65 gold pieces
  3463 | D:5      | Reached XP level 8. HP: 37/49 MP: 9/9
  3714 | D:5      | Found a runed translucent door.
  3714 | D:5      | Noticed Wiggles's ghost (amateur MiBe)
  3714 | D:5      | Noticed a shadow
  3783 | D:5      | Found a shimmering blue altar of Sif Muna.
  3992 | D:6      | Noticed Maggie
  4020 | D:6      | Killed Maggie
  4021 | D:6      | Reached skill level 5 in Throwing
  4021 | D:6      | Reached XP level 9. HP: 21/55 MP: 3/10
  4119 | D:6      | Noticed Blork the orc
  4125 | D:6      | Killed Blork the orc
  4188 | D:6      | Noticed a hornet
  4203 | D:6      | Killed a hornet
  4304 | D:6      | Found a bloodstained altar of Trog.
  4726 | D:7      | Found a shimmering altar of Xom.
  4727 | D:7      | Found a hazy altar of Hepliaklqana.
  4728 | D:7      | Noticed a spectral ugly thing
  4933 | D:7      | Found a staircase to the Ecumenical Temple.
  5142 | D:8      | Noticed Babbit's ghost (novice MiFi)
  5143 | D:8      | Found a transporter.
  5198 | D:8      | Reached * piety under Ashenzari
  5200 | D:8      | Found a transporter.
  5242 | D:8      | Found a burning altar of Makhleb.
  5246 | D:8      | Found a glowing silver altar of Zin.
  5247 | D:8      | Noticed a cacodemon
  5247 | D:8      | Noticed an angel
  5358 | D:8      | Found a sand-covered staircase.
  5363 | Ossuary  | Entered an ossuary
  5365 | Ossuary  | Gained mutation: You occasionally lose the ability to drink
                  | potions when taking damage. [potion of mutation]
  5365 | Ossuary  | Gained mutation: You are covered in fur. (AC +1) [potion of
                  | mutation]
  5365 | Ossuary  | Gained mutation: You expend magic power (3 MP) to
                  | strengthen your wands. [potion of mutation]
  5692 | Ossuary  | Reached skill level 10 in Axes
  5757 | D:8      | Reached XP level 10. HP: 63/63 MP: 11/11
  5813 | D:8      | Identified a scroll of acquirement
  5815 | D:8      | Reached ** piety under Ashenzari
  5847 | D:8      | Acquired the amulet "Hijatob" {Reflect rF++ MP+9 SH+5}
  5985 | D:8      | Found an iron altar of Okawaru.
  6411 | D:9      | Lost mutation: You expend magic power (3 MP) to strengthen
                  | your wands. [potion of mutation]
  6411 | D:9      | Lost mutation: You occasionally lose the ability to drink
                  | potions when taking damage. [potion of mutation]
  6411 | D:9      | Gained mutation: You are partially covered in iridescent
                  | scales. (AC +2) [potion of mutation]
  6411 | D:9      | Gained mutation: You are agile. (Dex +4, Str/Int -1)
                  | [potion of mutation]
  6411 | D:9      | Gained mutation: You are mostly covered in iridescent
                  | scales. (AC +4) [potion of mutation]
  6411 | D:9      | Gained mutation: Your mind is acute. (Int +4, Str/Dex -1)
                  | [potion of mutation]
  6649 | D:9      | Noticed an unseen horror
  6653 | D:9      | Killed an unseen horror
  7038 | D:9      | Noticed a two-headed ogre
  7116 | D:9      | Killed a two-headed ogre
  7219 | D:9      | Found an opulent altar of Gozag.
  7272 | D:10     | Entered Level 10 of the Dungeon
  7482 | D:10     | Found a staircase to the Orcish Mines.
  7509 | D:10     | Reached XP level 11. HP: 63/68 MP: 12/12
  7575 | Orc:1    | Entered Level 1 of the Orcish Mines
  7668 | Orc:1    | Found Hoed's Jewellery Shop.
  7712 | Orc:2    | Entered Level 2 of the Orcish Mines
  7740 | Orc:2    | Found a gate leading to a gauntlet.
  7768 | Gauntlet | Entered a Gauntlet
  7768 | Gauntlet | Found a transporter.
  7768 | Gauntlet | Found a runed translucent door.
  7769 | Gauntlet | Found a runed translucent door.
  7776 | Gauntlet | Found a transporter.
  7778 | Gauntlet | Found a transporter.
  7782 | Gauntlet | Noticed a necromancer
  7788 | Gauntlet | Found a runed translucent gate.
  7789 | Gauntlet | Found a runed translucent gate.
  7789 | Gauntlet | Found a transporter.
  7792 | Gauntlet | Found a transporter.
  7799 | Gauntlet | Identified the -1 cloak of the King of the Hill {*Corrode
                  | Str+5}
  7800 | Gauntlet | Found a transporter.
  7819 | Gauntlet | Found a transporter.
  7821 | Gauntlet | Identified the ring "Ryih" {rPois Int+6 Dex+3}
  7825 | Gauntlet | Noticed a thrashing horror
  7834 | Gauntlet | Found a transporter.
  7834 | Gauntlet | Noticed a thrashing horror
  7843 | Gauntlet | Noticed a dire elephant
  7846 | Gauntlet | Found a transporter.
  7867 | Gauntlet | Found a transporter.
  7870 | Gauntlet | Noticed an oklob plant
  7880 | Gauntlet | Found a transporter.
  7880 | Gauntlet | Found a transporter.
  7946 | Gauntlet | Found a transporter.
  7949 | Gauntlet | Found a transporter.
  8143 | Gauntlet | Found a runed translucent gate.
  8168 | Gauntlet | Killed a necromancer
  8182 | Gauntlet | Reached skill level 10 in Throwing
  8236 | Gauntlet | Noticed a minotaur
  8263 | Gauntlet | Killed a minotaur
  8445 | Orc:1    | Noticed an orc sorcerer
  8459 | Orc:2    | Killed an orc sorcerer
  8750 | Orc:1    | Found a runed translucent gate.
  8758 | Orc:1    | Found a runed translucent gate.
  8758 | Orc:1    | Found a runed translucent gate.
  8764 | Orc:1    | Noticed Ychaviel's ghost (journeyman MiFi)
  8831 | Orc:2    | Found a staircase to the Elven Halls.
  9020 | Orc:2    | Found Imos's Magic Scroll Shop.
  9023 | Orc:2    | Bought a scroll of fear for 56 gold pieces
  9023 | Orc:2    | Bought a scroll of enchant weapon for 105 gold pieces
  9170 | Orc:2    | Found Weleonumu's General Store.
  9170 | Orc:2    | Noticed an orc knight
  9193 | Orc:2    | Killed an orc knight
  9209 | Orc:2    | Found Kapto's Magic Scroll Shoppe.
  9240 | Orc:2    | Reached skill level 10 in Armour
  9498 | Orc:2    | Reached *** piety under Ashenzari
  9539 | Orc:2    | Bought a scroll of brand weapon for 152 gold pieces
  9539 | Orc:2    | Bought a scroll of teleportation for 48 gold pieces
  9573 | Orc:2    | Noticed an orc high priest
  9581 | Orc:2    | Reached XP level 12. HP: 71/79 MP: 13/13
  9628 | Orc:2    | Noticed a sun demon
  9629 | Orc:2    | Noticed a sun demon
 10142 | Orc:1    | Bought the ring "Kozufiq" {rElec rF- rC+ rN+ rCorr} for 514
                  | gold pieces
 10289 | D:5      | Bought a potion of experience for 650 gold pieces
 10291 | D:5      | Reached XP level 13. HP: 83/83 MP: 14/14
 10390 | D:8      | Killed Babbit's ghost
 10888 | D:10     | Found a basalt altar of Yredelemnul.
 11024 | D:11     | Noticed Maurice
 11044 | D:11     | Killed Maurice
 11372 | D:11     | Noticed Amaemon
 11375 | D:11     | Reached skill level 10 in Shields
 11412 | D:11     | Killed Amaemon
 11603 | D:11     | Found a runed translucent door.
 11610 | D:11     | Noticed a lich
 11611 | D:11     | Noticed a yaktaur captain
 11630 | D:11     | Found a staircase to the Lair.
 11644 | D:11     | Reached **** piety under Ashenzari
 11662 | D:11     | Noticed Josephine
 11677 | D:11     | Killed Josephine
 11780 | D:11     | Noticed bairyn's ghost (journeyman DESu)
 11780 | D:11     | Identified the ring "Torhuzan" {rN+++ Str+8 Int+3 Slay-3
                  | SInv}
 11810 | D:11     | Found a runed translucent door.
 11844 | Lair:1   | Entered Level 1 of the Lair of Beasts
 12032 | Lair:1   | Reached skill level 10 in Fighting
 12419 | Lair:2   | Found a staircase to the Snake Pit.
 12595 | Lair:2   | Reached XP level 14. HP: 73/92 MP: 15/15
 13250 | Lair:3   | Found a staircase to the Shoals.
 13567 | Lair:5   | Entered Level 5 of the Lair of Beasts
 13862 | Lair:4   | Found a dark tunnel.
 13871 | Volcano  | Entered a volcano
 14896 | Lair:5   | Reached skill level 15 in Axes
 14933 | Lair:5   | Reached XP level 15. HP: 72/99 MP: 16/16
 15000 | Lair:5   | Found a staircase to the Slime Pits.
 15147 | Lair:5   | Reached skill level 15 in Shields
 15918 | Orc:2    | Gained mutation: You do not regenerate when monsters are
                  | visible. [a neqoxec]
 16100 | Orc:2    | Found Teixkeg's Antique Weapon Boutique.
 16100 | Orc:2    | Found a one-way gate leading to the halls of Pandemonium.
 16100 | Orc:2    | Found Jaengat's Jewellery Shop.
 16457 | D:12     | Noticed Jorgrun
 16475 | D:12     | Killed Jorgrun
 17702 | D:13     | Reached skill level 1 in Evocations
 18079 | D:14     | Reached XP level 16. HP: 101/105 MP: 17/17
 18160 | D:14     | Found a gate to the Vaults.
 18398 | D:15     | Entered Level 15 of the Dungeon
 18398 | D:15     | Found a frozen archway.
 18428 | IceCv    | Entered an ice cave
 18865 | IceCv    | Noticed a lich
 18880 | IceCv    | Killed a lich
 19027 | IceCv    | Found an ancient bone altar of Kikubaaqudgha.
 19840 | D:15     | Identified Roxanne's Guide on the Xenolith
 19840 | D:15     | Noticed Roxanne
 19922 | D:15     | Found a staircase to the Depths.
 20296 | Snake:1  | Entered Level 1 of the Snake Pit
 20507 | Snake:1  | Reached XP level 17. HP: 81/114 MP: 18/18
 20516 | Snake:1  | Found Ziloif's Overcharged Wands.
 21213 | Snake:1  | Found Rastryka's Weapon Boutique.
 22357 | Snake:4  | Entered Level 4 of the Snake Pit
 22476 | Snake:4  | Found Tegoret's Book Shoppe.
 22476 | Snake:4  | Found Peucheor's Jewellery Shop.
 22477 | Snake:4  | Found Tymp's Jewellery Shop.
 22908 | Snake:4  | HP: 4/115 [naga warrior/+0 halberd (42)]
 23498 | Snake:4  | Slain by a nagaraja

Illustrated notes

Levels and vault maps discovered:
D:1:      psy_arrival_terrarium, layout_loops_ring
D:2:      layout_basic, nicolae_ecumenical_lake_church, minivault_25, uniq_robin
D:3:      layout_loops_ring, jmf_multi_god_temple2, uniq_crazy_yiuf_cottage,
          uniq_grinder
D:4:      wander_river, layout_loops_ring, grunt_qazlal_clouds,
          minmay_manual_mail, uniq_duvessa
D:5:      layout_basic, tgw_sif, ebering_ghost_inner_flame, serial_shops,
          nicolae_shop_real_fake_doors
D:6:      layout_basic, mainiacjoe_overflow_alcove_2, serial_glass,
          glass_columns_a, glass_columns_a, hex_large, uniq_maggie,
          uniq_blork_the_orc
D:7:      layout_rooms, regret_index_temple_of_mockery,
          minmay_temple_entry_from_below_a
D:8:      layout_gridville, grunt_temple_overflow_order_and_chaos_2,
          amcnicky_altar_gilded, gammafunk_ghost_arena,
          nicolae_ossuary_entry_catacombs
D:9:      layout_roguey, mainiacjoe_overflow_alcove_4, nrook_mini_vaults
D:10:     layout_cave_pods, mainiacjoe_overflow_concentric_impassable,
          hiddenorc2_lemuel, nicolae_two_hexagons, serial_park_tiny_pond,
          kennysheep_cluttered_room
D:11:     layout_layer_cave, erik_lair_orcish_takeover,
          muffindrake_ghost_dual_entry, st_stairs_8, uniq_maurice,
          uniq_josephine, uniq_amaemon
D:12:     layout_irregular_city, uniq_jorgrun
D:13:     layout_basic
D:14:     layout_rooms, david_vaults_4, minivault_24, grunt_ministairs_2,
          hex_tiny
D:15:     hangedman_depths_entry_try_elsewhere_first, layout_loops_ring,
          minmay_misc_feat_x, portal_ice_cave_entry_pillars_1, uniq_roxanne
Lair:1:   layout_gridlike, lemuel_fruit_tree
Lair:2:   layout_misc_corridors, minmay_snake_entry_six_corridors
Lair:3:   layout_chaotic_city, minmay_shoals_entry_hut, minivault_23
Lair:4:   layout_regular_city, lightli_volcano_entry_magma_tube
Lair:5:   minmay_lair_end_frog_pond, layout_cave_pods, dpeg_slime_entry_enclosed
Snake:1:  layout_gridlike, serial_shops, nicolae_shop_bloodbath_and_beyond,
          nicolae_shop_overcharged_wands
Snake:2:  layout_chambers, nicolae_integral_box
Snake:3:  layout_basic, nrook_loot_triangle, grunt_megastairs_2,
          serial_bayou_shore_b, uniq_saint_roka, uniq_vashnia, uniq_mara
Snake:4:  snake_pit, layout_onion, st_stairs_7, minmay_shop_grove
Orc:1:    layout_caves, serial_shops, nicolae_shop_competitors_out_of_business,
          gammafunk_ghost_necromancy
Orc:2:    pf_orc_diabolical, layout_diamond_mine, gauntlet_entry_generic,
          serial_shops, nicolae_shop_rolled_up

Skill      XL: |  1  2  3  4  5  6  7  8  9 10 11 12 13 14 15 16 17 |
---------------+----------------------------------------------------+-----
Axes           | 3 4 5 6 8 10 11 13 14 15 16 17 | 17.5
Armour         | 4 5 6 7 8 10 11 12 13 14 | 14.5
Fighting       | 4 5 6 7 8 9 10 11 13 | 13.6
Throwing       | 2 5 7 9 10 11 12 13 | 13.7
Shields        | 9 11 14 16 17 | 17.9
Evocations     | 1 |  1.0

Action                     |  1- 3 |  4- 6 |  7- 9 | 10-12 | 13-15 | 16-18 || total
---------------------------+-------+-------+-------+-------+-------+-------++-------
  Melee: War axe           |    60 |   125 |   254 |   473 |   898 |   597 ||  2407
         Kick              |    12 |    35 |    78 |   164 |   355 |   253 ||   897
         Peck              |     4 |    12 |    48 |    95 |   192 |   166 ||   517
         Demon whip        |       |       |       |    12 |       |       ||    12
         Executioner's axe |       |       |       |       |     5 |       ||     5
  Throw: Boomerang         |       |       |    55 |    14 |    12 |    91 ||   172
         Javelin           |       |       |       |       |       |     7 ||     7
 Invoke: Curse Item        |       |       |     2 |     2 |     2 |       ||     6
         Shatter the Chain |       |       |       |       |       |     1 ||     1
  Evoke: Box of beasts     |       |       |       |       |       |     2 ||     2
         Phantom mirror    |       |       |       |       |       |     2 ||     2
    Use: Scroll            |     2 |     9 |     2 |     8 |    11 |     3 ||    35
         Potion            |       |     2 |     2 |     4 |     1 |    10 ||    19
   Stab: Invisible         |       |     1 |       |       |     2 |     1 ||     4
 Armour: Scale mail        |    34 |    32 |    30 |       |       |       ||    96
         Swamp dragon scal |       |       |    30 |   120 |   222 |   151 ||   523
  Dodge: Dodged            |    16 |    36 |   140 |   252 |   186 |   142 ||   772
  Block: Buckler           |     8 |    33 |    43 |   237 |       |       ||   321
         Reflection        |       |       |       |     8 |    40 |    89 ||   137
         Tower shield      |       |       |       |       |  1084 |   869 ||  1953
         Other             |       |       |       |       |     4 |       ||     4
